3L
MONTANA PANDAS @ BUCKHEAD BOWTIES
08/30/2032
 
TOP OF THE 1ST
Montana Pandas batting - Pitching for Buckhead Bowties : LHP Dale Hamilton
Pitching: LHP Dale Hamilton
Batting: RHB Chriss Mann 0-0: Ball
1-0: Called Strike
1-1: Swinging Strike
1-2: Ball
2-2: Foul Ball, location: 2F
2-2: Strikes out swinging
Batting: RHB Miguel Márquez 0-0: Called Strike
0-1: Ball
1-1: Ball
2-1: Ball
3-1: Base on Balls
Batting: RHB Miguel Morán 0-0: Fly out, F5 (Line Drive, 6S)
Batting: RHB Roberto Escues 0-0: Ball
1-0: Foul Ball, location: 2F
1-1: Ball
2-1: SINGLE (Line Drive, 7LS)
Miguel Márquez to second
Batting: RHB Sean MacKnight 0-0: Ball
1-0: Ball
2-0: Ball
3-0: Base on Balls
Miguel Márquez to third
Roberto Escues to second
Batting: RHB Kumanosuke Abe 0-0: Ball
1-0: Foul Ball, location: 2F
1-1: Called Strike
1-2: Foul Ball, location: 2F
1-2: Strikes out swinging
Top of the 1st over - 0 runs, 1 hit, 0 errors, 3 left on base; Montana 0 - Buckhead 0
BOTTOM OF THE 1ST
Buckhead Bowties batting - Pitching for Montana Pandas : RHP Júlio Palma
Pitching: RHP Júlio Palma
Batting: RHB Todd Sentell 0-0: Ball
1-0: Ball
2-0: Called Strike
2-1: Foul Ball, location: 2F
2-2: Fly out, F8 (Flyball, 8RD)
Batting: LHB Roberto Salazar 0-0: Called Strike
0-1: Fly out, F8 (Flyball, 8RS)
Batting: RHB Richard Jost 0-0: Ball
1-0: SOLO HOME RUN (Line Drive, 9D), Distance : 380 ft
Batting: LHB Yu-zeng Si 0-0: Called Strike
0-1: DOUBLE (Flyball, 8LXD)
Batting: RHB Emílio Agramónte 0-0: Fly out, F4 (Popup, 13)
Bottom of the 1st over - 1 run, 2 hits, 0 errors, 1 left on base; Montana 0 - Buckhead 1
TOP OF THE 2ND
Montana Pandas batting - Pitching for Buckhead Bowties : LHP Dale Hamilton
Batting: LHB Tim Waters 0-0: Ball
1-0: Ball
2-0: Swinging Strike
2-1: Ball
3-1: Base on Balls
Batting: RHB Tony Hernández 0-0: Ball
1-0: Ball
2-0: Foul Ball, location: 2F
2-1: Swinging Strike
2-2: Ball
3-2: Base on Balls
Tim Waters to second
Batting: RHB António Granados 0-0: Foul Ball, location: 2F
0-1: Foul Ball, location: 2F
0-2: Ball
1-2: Fly out, F8 (Flyball, 8LS)
Batting: RHB Chriss Mann 0-0: Called Strike
0-1: Swinging Strike
0-2: Ball
1-2: Ball
2-2: Ball
3-2: Foul Ball, location: 2F
3-2: Base on Balls
Tim Waters to third
Tony Hernández to second
Batting: RHB Miguel Márquez 0-0: Ball
1-0: Swinging Strike
1-1: Ball
2-1: Ball
3-1: Ground out 4-3 (Groundball, 4S)
Tim Waters scores
Tony Hernández to third
Chriss Mann to second
Batting: RHB Miguel Morán 0-0: Ground out 1-3 (Groundball, 15S)
Top of the 2nd over - 1 run, 0 hits, 0 errors, 2 left on base; Montana 1 - Buckhead 1
BOTTOM OF THE 2ND
Buckhead Bowties batting - Pitching for Montana Pandas : RHP Júlio Palma
Batting: LHB Edwin Church 0-0: Swinging Strike
0-1: Swinging Strike
0-2: SINGLE (Groundball, 4MD)
Batting: RHB Raúl Ruíz 0-0: Fly out, F8 (Flyball, 8LM)
Batting: SHB Seishiro Nishimura 0-0: Ball
1-0: Ball
2-0: Swinging Strike
2-1: Ball
3-1: Base on Balls
Edwin Church to second
Batting: RHB Kevin Baxter 0-0: Ball
1-0: SINGLE (Groundball, 4MD)
Edwin Church to third
Seishiro Nishimura to second
Batting: RHB Todd Sentell 0-0: Foul Ball, location: 2F
0-1: Ball
1-1: Foul Ball, location: 2F
1-2: Foul Ball, location: 2F
1-2: Foul Ball, location: 2F
1-2: Ball
2-2: Fly out, F7 (Flyball, 7LSF)
Runner from 3rd tags up, SCORES, no throw
Batting: LHB Roberto Salazar 0-0: Ball
1-0: Called Strike
1-1: DOUBLE (Line Drive, 7LM)
Seishiro Nishimura scores
Kevin Baxter to third
Runner from 3rd tries for Home, SAFE, no throw
Batting: RHB Richard Jost 0-0: Called Strike
0-1: Called Strike
0-2: Ball
1-2: Ball
2-2: Ball
3-2: Foul Ball, location: 2F
3-2: SINGLE (Line Drive, 89S)
Roberto Salazar to third
Roberto Salazar scores
Batting: LHB Yu-zeng Si 0-0: Ball
1-0: Ball
2-0: Foul Ball, location: 2F
2-1: SINGLE (Flyball, 78M)
Richard Jost to second
Runner from 2nd tries for 3rd, SAFE, no throw
Batting: RHB Emílio Agramónte 0-0: Called Strike
0-1: Ball
1-1: Ball
2-1: Ball
3-1: Base on Balls
Yu-zeng Si to second
Batting: LHB Edwin Church 0-0: Ball
1-0: Foul Ball, location: 2F
1-1: Called Strike
1-2: Ball
2-2: Ball
3-2: Fly out, F8 (Flyball, 8RD)
Bottom of the 2nd over - 4 runs, 5 hits, 0 errors, 3 left on base; Montana 1 - Buckhead 5
TOP OF THE 3RD
Montana Pandas batting - Pitching for Buckhead Bowties : LHP Dale Hamilton
Batting: RHB Roberto Escues 0-0: Foul Ball, location: 2F
0-1: Ball
1-1: Ground out 6-3 (Groundball, 6M)
Batting: RHB Sean MacKnight 0-0: Ball
1-0: Fly out, F7 (Flyball, 7S)
Batting: RHB Kumanosuke Abe 0-0: Called Strike
0-1: Foul Ball, location: 2F
0-2: Ball
1-2: Foul Ball, location: 2F
1-2: Ball
2-2: Ball
3-2: Foul Ball, location: 2F
3-2: Fly out, F5 (Line Drive, 5S)
Top of the 3rd over - 0 runs, 0 hits, 0 errors, 0 left on base; Montana 1 - Buckhead 5
BOTTOM OF THE 3RD
Buckhead Bowties batting - Pitching for Montana Pandas : RHP Júlio Palma
Batting: RHB Raúl Ruíz 0-0: Ball
1-0: Fly out, F9 (Flyball, 9)
Batting: SHB Seishiro Nishimura 0-0: Called Strike
0-1: Foul Ball, location: 2F
0-2: Foul Ball, location: 2F
0-2: Ball
1-2: Ball
2-2: Ball
3-2: SOLO HOME RUN (Flyball, 9D), Distance : 367 ft
Batting: RHB Kevin Baxter 0-0: Called Strike
0-1: Ground out U3 (Groundball, 3L)
Batting: RHB Todd Sentell 0-0: Ball
1-0: Ball
2-0: Ball
3-0: Called Strike
3-1: Fly out, F4 (Popup, 13)
Bottom of the 3rd over - 1 run, 1 hit, 0 errors, 0 left on base; Montana 1 - Buckhead 6
TOP OF THE 4TH
Montana Pandas batting - Pitching for Buckhead Bowties : LHP Dale Hamilton
Batting: LHB Tim Waters 0-0: Called Strike
0-1: Called Strike
0-2: Foul Ball, location: 2F
0-2: Foul Ball, location: 2F
0-2: Fly out, F7 (Flyball, 7S)
Batting: RHB Tony Hernández 0-0: Ball
1-0: Ball
2-0: Called Strike
2-1: Ball
3-1: Foul Ball, location: 2F
3-2: Fly out, F8 (Flyball, 8RM)
Batting: RHB António Granados 0-0: Foul Ball, location: 2F
0-1: Called Strike
0-2: Ball
1-2: Ground out U3 (Groundball, 3S)
Top of the 4th over - 0 runs, 0 hits, 0 errors, 0 left on base; Montana 1 - Buckhead 6
BOTTOM OF THE 4TH
Buckhead Bowties batting - Pitching for Montana Pandas : RHP Júlio Palma
Batting: LHB Roberto Salazar 0-0: Fly out, F8 (Flyball, 78M)
Batting: RHB Richard Jost 0-0: Ball
1-0: Foul Ball, location: 2F
1-1: Ground out 5-3 (Groundball, 56)
Batting: LHB Yu-zeng Si 0-0: Foul Ball, location: 2F
0-1: Swinging Strike
0-2: Ground out 5-3 (Groundball, 15)
Bottom of the 4th over - 0 runs, 0 hits, 0 errors, 0 left on base; Montana 1 - Buckhead 6
TOP OF THE 5TH
Montana Pandas batting - Pitching for Buckhead Bowties : LHP Dale Hamilton
Batting: RHB Chriss Mann 0-0: Called Strike
0-1: Ball
1-1: Ball
2-1: Ball
3-1: Called Strike
3-2: Foul Ball, location: 2F
3-2: Base on Balls
Batting: RHB Miguel Márquez 0-0: Ball
1-0: Ball
2-0: Ball
3-0: Base on Balls
Chriss Mann to second
Batting: RHB Miguel Morán 0-0: Ball
1-0: Ball
2-0: Foul Ball, location: 2F
2-1: Ball
3-1: Foul Ball, location: 2F
3-2: Base on Balls
Chriss Mann to third
Miguel Márquez to second
Batting: RHB Roberto Escues 0-0: Swinging Strike
0-1: Foul Ball, location: 2F
0-2: Ball
1-2: Ball
2-2: Ball
3-2: Strikes out swinging
Batting: RHB Sean MacKnight 0-0: Called Strike
0-1: Ball
1-1: Ball
2-1: Ball
3-1: Base on Balls
Chriss Mann scores
Miguel Márquez to third
Miguel Morán to second
Pitching: RHP George Frazier
Batting: RHB Kumanosuke Abe 0-0: Swinging Strike
0-1: Ball
1-1: Swinging Strike
1-2: Ball
2-2: Ball
3-2: Base on Balls
Miguel Márquez scores
Miguel Morán to third
Sean MacKnight to second
Batting: LHB Tim Waters 0-0: Foul Ball, location: 2F
0-1: Ball
1-1: Ball
2-1: Ball
3-1: Fly out, F8 (Flyball, 8RS)
Runner from 3rd tags up, SCORES, no throw
Batting: RHB Tony Hernández 0-0: Called Strike
0-1: Called Strike
0-2: Ball
1-2: Ball
2-2: Foul Ball, location: 2F
2-2: Strikes out swinging
Top of the 5th over - 3 runs, 0 hits, 0 errors, 2 left on base; Montana 4 - Buckhead 6
BOTTOM OF THE 5TH
Buckhead Bowties batting - Pitching for Montana Pandas : RHP Júlio Palma
Batting: RHB Emílio Agramónte 0-0: Fly out, F3 (Popup, 3SF)
Batting: LHB Edwin Church 0-0: Ball
1-0: Called Strike
1-1: Ground out U3 (Groundball, 34)
Batting: RHB Raúl Ruíz 0-0: SINGLE (Groundball, 56D)
Pitching: RHP José Guzmán
Batting: SHB Seishiro Nishimura 0-0: Ball
1-0: Ground out 3-1 (Groundball, 23)
Bottom of the 5th over - 0 runs, 1 hit, 0 errors, 1 left on base; Montana 4 - Buckhead 6
TOP OF THE 6TH
Montana Pandas batting - Pitching for Buckhead Bowties : RHP George Frazier
Batting: RHB António Granados 0-0: Foul Ball, location: 2F
0-1: Ball
1-1: Ball
2-1: Ground out 4-3 (Groundball, 4)
Batting: RHB Chriss Mann 0-0: Ball
1-0: Ball
2-0: Ball
3-0: Called Strike
3-1: Base on Balls
Batting: RHB Miguel Márquez 0-0: Foul Ball, location: 2F
0-1: Ball
1-1: Foul Ball, location: 2F
1-2: Grounds into double play, 5-4-3 (Groundball, 56)
Top of the 6th over - 0 runs, 0 hits, 0 errors, 0 left on base; Montana 4 - Buckhead 6
BOTTOM OF THE 6TH
Buckhead Bowties batting - Pitching for Montana Pandas : RHP José Guzmán
Batting: RHB Kevin Baxter 0-0: Ball
1-0: Called Strike
1-1: Swinging Strike
1-2: Ball
2-2: Strikes out swinging
Batting: RHB Todd Sentell 0-0: Ball
1-0: SOLO HOME RUN (Flyball, 78XD), Distance : 432 ft
Batting: LHB Roberto Salazar 0-0: Ball
1-0: Called Strike
1-1: Ball
2-1: Ball
3-1: Foul Ball, location: 2F
3-2: Foul Ball, location: 2F
3-2: Base on Balls
Batting: RHB Richard Jost 0-0: Ball
Roberto Salazar steals 2nd base
1-0: Foul Ball, location: 2F
1-1: Ball
2-1: Called Strike
2-2: Fly out, F9 (Flyball, 9LD)
Runner from 2nd tags up, SAFE at 3rd, no throw
Batting: LHB Yu-zeng Si 0-0: Swinging Strike
0-1: Ball
1-1: Foul Ball, location: 2F
1-2: SINGLE (Line Drive, 78S)
Roberto Salazar scores
Pitching: RHP Juan Pérez
Batting: RHB Emílio Agramónte 0-0: Ball
1-0: Ball
2-0: Ball
3-0: Base on Balls
Yu-zeng Si to second
Batting: LHB Edwin Church 0-0: Foul Ball, location: 2F
0-1: Ball
1-1: Ball
2-1: Ball
3-1: Ground out U3 (Groundball, 34S)
Bottom of the 6th over - 2 runs, 2 hits, 0 errors, 2 left on base; Montana 4 - Buckhead 8
TOP OF THE 7TH
Montana Pandas batting - Pitching for Buckhead Bowties : RHP George Frazier
Batting: RHB Miguel Morán 0-0: Ball
1-0: Ground out 5-3 (Groundball, 56)
Batting: RHB Roberto Escues 0-0: Called Strike
0-1: Ball
1-1: Ball
2-1: Ball
3-1: Foul Ball, location: 2F
3-2: Fly out, F3 (Popup, 34S)
Batting: RHB Sean MacKnight 0-0: Called Strike
0-1: Ball
1-1: Fly out, F8 (Flyball, 8RD)
Top of the 7th over - 0 runs, 0 hits, 0 errors, 0 left on base; Montana 4 - Buckhead 8
BOTTOM OF THE 7TH
Buckhead Bowties batting - Pitching for Montana Pandas : RHP Juan Pérez
Batting: RHB Raúl Ruíz 0-0: Ball
1-0: Ground out 6-3 (Groundball, 6)
Batting: SHB Seishiro Nishimura 0-0: SOLO HOME RUN (Flyball, 7LD), Distance : 353 ft
Batting: RHB Kevin Baxter 0-0: Ball
1-0: SINGLE (Line Drive, 8LS)
Batting: RHB Todd Sentell 0-0: Grounds into double play, 5-4-3 (Groundball, 56)
Bottom of the 7th over - 1 run, 2 hits, 0 errors, 0 left on base; Montana 4 - Buckhead 9
TOP OF THE 8TH
Montana Pandas batting - Pitching for Buckhead Bowties : RHP George Frazier
Batting: RHB Kumanosuke Abe 0-0: Ball
1-0: Ball
2-0: Called Strike
2-1: Swinging Strike
2-2: Foul Ball, location: 2F
2-2: Ball
3-2: Foul Ball, location: 2F
3-2: Ground out 5-3 (Groundball, 56)
Batting: LHB Tim Waters 0-0: Ball
1-0: Called Strike
1-1: Foul Ball, location: 2F
1-2: SOLO HOME RUN (Flyball, 78XD), Distance : 423 ft
Batting: RHB Tony Hernández 0-0: Ground out 6-3 (Groundball, 6M)
Batting: RHB António Granados 0-0: Ball
1-0: Fly out, F5 (Line Drive, 5)
Top of the 8th over - 1 run, 1 hit, 0 errors, 0 left on base; Montana 5 - Buckhead 9
BOTTOM OF THE 8TH
Buckhead Bowties batting - Pitching for Montana Pandas : RHP Juan Pérez
Batting: LHB Roberto Salazar 0-0: Called Strike
0-1: Ball
1-1: Ball
2-1: Foul Ball, location: 2F
2-2: Foul Ball, location: 2F
2-2: Ball
3-2: Base on Balls
Batting: RHB Richard Jost 0-0: Ball
1-0: Called Strike
1-1: Swinging Strike
1-2: Ball
2-2: Foul Ball, location: 2F
2-2: Strikes out looking
Batting: LHB Yu-zeng Si 0-0: Ball
1-0: DOUBLE (Line Drive, 9LD)
Roberto Salazar to third
Runner from 3rd tries for Home, SAFE, no throw
Batting: RHB Emílio Agramónte 0-0: SINGLE (Line Drive, 8LS)
Yu-zeng Si to third
Runner from 3rd tries for Home, SAFE, no throw
Pitching: RHP Héctor Alarcon
Batting: LHB Edwin Church 0-0: Fly out, F9 (Flyball, 89D)
Now in RF: Albert González
Batting: RHB Raúl Ruíz 0-0: Fielders Choice at 2nd, 5-4 (Groundball, 56)
Bottom of the 8th over - 2 runs, 2 hits, 0 errors, 1 left on base; Montana 5 - Buckhead 11
TOP OF THE 9TH
Montana Pandas batting - Pitching for Buckhead Bowties : RHP George Frazier
Batting: RHB Chriss Mann 0-0: Ball
1-0: Swinging Strike
1-1: Foul Ball, location: 2F
1-2: Strikes out swinging
Batting: RHB Miguel Márquez 0-0: Called Strike
0-1: SINGLE (Groundball, 56D)
Batting: RHB Miguel Morán 0-0: Ball
1-0: Ball
2-0: Ball
3-0: Called Strike
3-1: Foul Ball, location: 2F
3-2: Fielders Choice at 2nd, 1-4 (Groundball, 15S)
Batting: LHB Albert González 0-0: Ball
1-0: Ball
2-0: Foul Ball, location: 2F
2-1: Foul Ball, location: 2F
2-2: Fielders Choice at 2nd, 5-4 (Groundball, 5)
Top of the 9th over - 0 runs, 1 hit, 0 errors, 1 left on base; Montana 5 - Buckhead 11
Wednesday, September 19th, 2018 - OOTP Baseball 18.8 Build 76